cohdb
Replays
Latest Replays
All Replays
Popular Replays
Top Player Replays
Match Explorer
How It Works
Community
CoH3 Stats
Reddit
Sign in to upload your games and track your stats! →
Sign in with Steam
Match 42712292
Unlisted
Match 42712292
Overview
Messages
Build Orders
End
Royal Engineer Section
Construct Section Command Post
Dingo Light Scout Car
Infantry Section
Selects Canadian Shock Battlegroup
Selects Attacking Spirit
Selects Canadian Shock Section
Canadian Shock Section
Grenade Package
Selects Incendiary Munitions
Infantry Section
Construct Platoon Command Post
Humber Armored Car
Selects Pyrotechnics
Infantry Training
Canadian Shock Section
Canadian Shock Section
Selects Churchill Crocodile Heavy Tank
Churchill Crocodile Heavy Tank
Construct Company Command Post
Canadian Shock Section
DeadPhoenix
Zleg
JarryHead
xThomasx25
General Bayern
[BR] God Emperor of Mankind
0
0
Comments
sign in to comment!
No comments posted yet!